 Dungeon Crawl Stone Soup version 0.30-a0-7-g94fe547ab8 (webtiles) character file.

Game seed: 4325825267098230697

1603 Plasmagod the Cleaver (level 8, -4/64 HPs)
             Began as a Minotaur Fighter on Aug 23, 2022.
             Was an Initiate of Ru.
             Slain by a yak (11 damage)
             ... on level 5 of the Dungeon.
             The game lasted 00:06:26 (4652 turns).

Plasmagod the Cleaver (Minotaur Fighter)            Turns: 4652, Time: 00:06:26

Health: -4/64      AC: 11    Str: 24    XL:     8   Next: 63%
Magic:  7/7        EV:  7    Int:  5    God:    Ru [......]
Gold:   287        SH:  9    Dex:  9    Spells: 7/7 levels left

rFire   . . .      SeeInvis .    a - +0 war axe
rCold   + . .      Faith    .    c - +0 buckler
rNeg    . . .      Spirit   .    x - +0 chain mail
rPois   .          Reflect  +    (helmet restricted)
rElec   .          Harm     .    A - +0 cloak
rCorr   .          Rampage  .    m - +0 pair of gloves
Will    +....                    (no boots)
Stlth   ..........               g - amulet of reflection
HPRegen 0.20/turn                s - ring of protection from cold
MPRegen 0.10/turn                h - ring of willpower

@: no status effects
A: horns 2, retaliatory headbutt
a: Renounce Religion


You were on level 5 of the Dungeon.
You worshipped Ru.
Ru was noncommittal.
You visited 2 branches of the dungeon, and saw 6 of its levels.

You collected 287 gold pieces.

Inventory:

Hand Weapons
 a - a +0 war axe (weapon)
Armour
 c - a +0 buckler (worn)
 m - a +0 pair of gloves (worn)
 x - a +0 chain mail (worn)
 A - a +0 cloak (worn)
Jewellery
 g - an amulet of reflection (around neck)
 h - a ring of willpower (right hand)
 s - a ring of protection from cold (left hand)
Wands
 y - a wand of charming (2)
Scrolls
 e - a scroll of summoning {unknown}
 f - a scroll of torment {unknown}
 j - 3 scrolls of identify {unknown}
 k - a scroll of enchant armour {unknown}
 p - a scroll of teleportation {unknown}
 q - 2 scrolls of noise {unknown}
 u - a scroll of silence {unknown}
 v - a scroll of vulnerability {unknown}
 w - a scroll of butterflies {unknown}
Potions
 b - 2 potions of flight {unknown}
 d - a potion of might
 i - 3 potions of curing
 l - 2 potions of cancellation {unknown}
 n - 2 potions of resistance {unknown}
 o - a potion of mutation {unknown}
 r - 4 potions of attraction {unknown}
 t - 2 potions of heal wounds {unknown}
 z - a potion of haste
 B - a potion of degeneration {unknown}


   Skills:
 - Level 3.6 Fighting
 + Level 13.1 Axes
 - Level 3.6 Armour
 - Level 3.6 Shields


You had 7 spell levels left.
You didn't know any spells.
Your spell library contained the following spells:

 Spells                   Type           Power      Damage    Failure   Level
 Necrotise                Necr           0%         1d4       99%         1
 Ozocubu's Armour         Ice            0%         N/A       100%        3
 Vampiric Draining        Necr           0%         2d6       100%        3
 Agony                    Necr           0%         N/A       100%        5
 Metabolic Englaciation   Hex/Ice        0%         N/A       100%        5
 Simulacrum               Ice/Necr       0%         N/A       100%        6


Dungeon Overview and Level Annotations

Branches:
Dungeon (5/15)             Temple (1/1) D:5

Altars:
Ashenzari
Cheibriados
Dithmenos
Elyvilon
Fedhas
Gozag
Hepliaklqana
Kikubaaqudgha
Makhleb
Nemelex Xobeh
Okawaru
Qazlal
Ru
Sif Muna
Trog
Uskayaw
Vehumet
Wu Jian
Xom
Yredelemnul
Zin
The Shining One

Annotations:
D:1 1 transporter
D:3 2 runed translucent doors, BritishOli's ghost, novice DsFi


Innate Abilities, Weirdness & Mutations

You have a pair of horns on your head.
You reflexively headbutt those who attack you in melee.


Message History

The yak barely misses you. You furiously retaliate!
You headbutt the yak. You hit the yak.
You kill the yak!
You hit the yak. The yak barely misses you. The shadow imp gestures at you.
Pain shoots through your body!
Your Axes skill increases to level 13!
You hit the yak but do no damage.
The yak is lightly wounded.
You hit the yak. The yak barely misses you.
You slash the yak!
The yak is heavily wounded.
You hit the yak. The yak gores you. x2
The yak attacks as you move away! You block the yak's attack.
The yak barely misses you. You furiously retaliate!
You headbutt the yak. The yak attacks as you move away! The yak gores you.
You barely miss the yak.
The yak is moderately wounded.
You slash the yak!
The yak is heavily wounded.
You slash the yak! The yak gores you but does no damage. The yak gores you!
You hit the yak but do no damage. Your headbutt misses the yak.
The yak is severely wounded.
You closely miss the yak. You hit the yak but do no damage.
You barely miss the yak.
The yak is severely wounded.
You hit the yak but do no damage. You hit the yak.
The yak gores you but does no damage. The yak gores you.
The yak barely misses you.
You barely miss the yak.
The yak is heavily wounded.
You hit the yak but do no damage. You hit the yak. The yak gores you.
The yak gores you! x2
* * * LOW HITPOINT WARNING * * *
You closely miss the yak.
The yak is heavily wounded.
You slash the yak! x2; The yak gores you.
* * * LOW HITPOINT WARNING * * *
The yak gores you!
You die...

. .. ...
##### ....
#..Y## .....
#YYY.#......
##@#.†......
#..##Y......
##..# ..[....
#..## ..?....
#...###......
#....####+++#
###...#....
###..##.###
#..#.##.#..


You could see 4 yaks.

Vanquished Creatures
  Pikel (D:4)
  A yak (D:5)
  A black bear (D:5)
  2 ogres (D:5)
  3 phantoms
  2 lemures (D:4)
  A crimson imp (D:4)
  An orc priest (D:3)
  A gnoll bouda (D:5)
  4 hounds
  Crazy Yiuf (D:5)
  Ijyb (D:4)
  An iguana (D:5)
  An orc wizard (D:5)
  5 gnolls (D:5)
  6 adders
  A white imp (D:4)
  An ufetubus (D:5)
  A worm (D:3)
  2 dart slugs
  8 orcs
  3 endoplasms (D:1)
  3 giant cockroaches
  6 goblins
  6 hobgoblins
  13 jackals
  2 quokkas
  13 ball pythons
  7 bats
  4 frilled lizards
  7 kobolds
  A rat (D:3)
110 creatures vanquished.

Vanquished Creatures (others)
  9 plants (D:1)
9 creatures vanquished.

Grand Total: 119 creatures vanquished

Notes
Turn   | Place    | Note
-------+----------+-------------------------------------------
     0 | D:1      | Plasmagod the Minotaur Fighter began the quest for the Orb.
     0 | D:1      | Reached XP level 1. HP: 19/19 MP: 0/0
    38 | D:1      | Reached skill level 3 in Axes
    47 | D:1      | Reached XP level 2. HP: 19/26 MP: 1/1
   321 | D:1      | Reached skill level 4 in Axes
   486 | D:1      | Found a faded altar of an unknown god.
   534 | D:1      | Reached XP level 3. HP: 31/31 MP: 2/2
   943 | D:2      | Reached skill level 5 in Axes
  1078 | D:2      | Reached XP level 4. HP: 39/39 MP: 3/3
  1478 | D:2      | Identified the +2 leather armour "Useziec" {rElec Dex+4
                  | Slay+2}
  1630 | D:3      | Found a shimmering blue altar of Sif Muna.
  1630 | D:3      | Found a white marble altar of Elyvilon.
  1772 | D:3      | Reached skill level 6 in Axes
  1828 | D:3      | Reached XP level 5. HP: 22/45 MP: 4/4
  2221 | D:3      | Found a large runed translucent door.
  2221 | D:3      | Found a large runed translucent door.
  2222 | D:3      | Noticed BritishOli's ghost (novice DsFi)
  2356 | D:3      | Found an ancient bone altar of Kikubaaqudgha.
  2356 | D:3      | Found a basalt altar of Yredelemnul.
  2361 | D:3      | Found a glowing silver altar of Zin.
  2363 | D:3      | Found a stormy altar of Qazlal.
  3078 | D:4      | Noticed a phantom
  3090 | D:4      | Killed a phantom
  3091 | D:4      | Reached skill level 7 in Axes
  3254 | D:4      | Noticed a phantom
  3268 | D:4      | Reached XP level 6. HP: 48/51 MP: 5/5
  3281 | D:4      | Reached skill level 8 in Axes
  3578 | D:4      | Noticed Ijyb
  3587 | D:4      | Killed Ijyb
  3741 | D:5      | Entered Level 5 of the Dungeon
  3755 | D:5      | Reached skill level 9 in Axes
  3755 | D:5      | Reached XP level 7. HP: 56/57 MP: 6/6
  3766 | D:5      | Noticed Pikel
  3793 | D:4      | Killed Pikel
  3794 | D:4      | Reached skill level 11 in Axes
  4080 | D:5      | Reached XP level 8. HP: 52/64 MP: 7/7
  4211 | D:5      | Reached skill level 12 in Axes
  4258 | D:5      | Found a staircase to the Ecumenical Temple.
  4266 | Temple   | Entered the Ecumenical Temple
  4303 | Temple   | Became a worshipper of Ru the Awakened
  4359 | D:5      | Found a runed translucent door.
  4360 | D:5      | Noticed Crazy Yiuf
  4368 | D:5      | Killed Crazy Yiuf
  4609 | D:5      | Found a shadowy altar of Dithmenos.
  4643 | D:5      | Reached skill level 13 in Axes
  4652 | D:5      | Slain by a yak

Illustrated notes

Levels and vault maps discovered:
D:1:      spicycebolla_arrival_transporter_tutorial, layout_basic,
          basic_ecumenical_altar, chequers_big_river, kennysheep_boxes
D:2:      layout_loops_ring
D:3:      layout_loops_ring, minitemple, nicolae_overflow_two_pavilions,
          ebering_ghost_disaster_area
D:4:      layout_basic, minmay_fire_ice_demons, uniq_ijyb
D:5:      layout_cave_pools, mainiacjoe_overflow_alcove_4,
          minmay_temple_entry_stoned_glass, uniq_crazy_yiuf_cottage, uniq_pikel
Temple:   hellmonk_temple_of_storms

Skill      XL: |  1  2  3  4  5  6  7  8 |
---------------+-------------------------+-----
Axes           | 3 4 5 6 7 9 11 13 | 13.1
Fighting       | |  3.6
Armour         | |  3.6
Shields        | |  3.6

Action                   |  1- 3 |  4- 6 |  7- 9 || total
-------------------------+-------+-------+-------++-------
Melee: War axe           |    62 |   138 |    76 ||   276
       Headbutt          |     8 |    20 |     9 ||    37
  Use: Potion            |       |       |     1 ||     1
Armor: Scale mail        |    25 |    31 |       ||    56
       Chain mail        |       |    21 |    32 ||    53
Dodge: Dodged            |    28 |    43 |    28 ||    99
Block: Buckler           |    23 |    74 |    37 ||   134
       Reflection        |     3 |     2 |       ||     5

Table legend: (Time is in decaauts)
 A = Elapsed time spent in this place.
 B = Non-inter-level travel time spent in this place.
 C = Inter-level travel time spent in this place.
 D = Time resting spent in this place.
 E = Time spent auto-exploring this place.
 F = Levels seen in this place.
 G = Mean time per level.
                   A        B        C        D        E       F      G
               +--------+--------+--------+--------+--------+-----+--------+
         Total |   4709 |   4622 |     87 |    237 |   3672 |   6 |  784.8 |
       Dungeon |   4662 |   4583 |     79 |    237 |   3650 |   5 |  932.4 |
        Temple |     46 |     38 |      8 |      0 |     22 |   1 |   46.0 |
               +--------+--------+--------+--------+--------+-----+--------+

Top non-repeatable levels by time:
     D:4: 1373 daAuts
     D:3: 1031 daAuts
     D:1: 942 daAuts
     D:2: 716 daAuts
     D:5: 598 daAuts
  Temple: 46 daAuts
